 Dungeon Crawl Stone Soup version 0.31.0-32-g396128a36d (webtiles) character file.

Game seed: 10696698213568151987

1570 Alphaeus the Ruffian (level 8, -1/78 HPs)
             Began as a Troll Shapeshifter on Mar 19, 2024.
             Was an Initiate of Yredelemnul.
             Succumbed to a killer bee's poison
             ... on level 7 of the Dungeon.
             The game lasted 00:07:39 (4890 turns).

Alphaeus the Ruffian (Troll Shapeshifter)           Turns: 4890, Time: 00:07:40

Health: -1/78      AC:  4    Str: 25    XL:     8   Next: 59%
Magic:  7/7        EV:  9    Int:  6    God:    Yredelemnul [......]
Gold:   292        SH:  0    Dex:  9    Spells: 7/7 levels left

rFire   . .          .
                       - Unarmed
rCold   . . .        (no shield)
rNeg    . . .        a - +0 animal skin
rPois   .            (helmet currently unavailable)
rElec   .            (cloak currently unavailable)
rCorr   .            (gloves unavailable)
SInv    .            (boots unavailable)
Will    .....        (no amulet)
Stlth   +            (no ring)
HPRegen 1.13/turn    (no ring)
MPRegen 0.10/turn

%: no passive effects
@: lethally poisoned (-1 -> -14), beast-form
A: beast (slay +3), large, unfitting armour, claws 3, regeneration 1, shaggy fur
1, tough skin 1
a: Begin Untransformation, Renounce Religion, Recall Undead Harvest


You were on level 7 of the Dungeon.
You worshipped Yredelemnul.
Yredelemnul was noncommittal.
You were a hulking beast.
You visited 1 branch of the dungeon, and saw 7 of its levels.

You collected 425 gold pieces.
You spent 133 gold pieces at shops.

Inventory:

Missiles
 A - a throwing net (quivered)
Armour
 a - a +0 animal skin (worn)
Jewellery
 p - a ring of fire
 q - a +6 ring of intelligence
 r - an amulet of guardian spirit
 C - a ring of magical power
Talismans
 c - a beast talisman
 d - a flux talisman
Wands
 n - a wand of light (2)
Scrolls
 e - a scroll of enchant armour {unknown}
 f - 4 scrolls of identify
 j - 3 scrolls of revelation {unknown}
 k - 2 scrolls of amnesia {unknown}
 l - 4 scrolls of blinking
 m - a scroll of poison {unknown}
 o - a scroll of vulnerability {unknown}
 s - 2 scrolls of fog {unknown}
 u - a scroll of enchant weapon {unknown}
 w - a scroll of fear {unknown}
 x - 2 scrolls of teleportation {unknown}
 y - a scroll of acquirement {unknown}
 B - a scroll of torment {unknown}
Potions
 b - 3 potions of lignification
 g - a potion of haste {unknown}
 h - a potion of might {unknown}
 i - 3 potions of attraction {unknown}
 t - 2 potions of degeneration {unknown}
 v - 3 potions of curing {unknown}
 z - a potion of heal wounds {unknown}
 D - a potion of enlightenment {unknown}


   Skills:
 + Level 4.0 Fighting
 - Level 1.5 Dodging
 * Level 7.5 Unarmed Combat
 * Level 6.9 Shapeshifting


You had 7 spell levels left.
You didn't know any spells.
Your spell library contained the following spells:

 Spells                   Type           Power      Damage    Failure   Level
 Ensorcelled Hibernation  Hex/Ice        0%         N/A       58%         2
 Passwall                 Erth           0%         N/A       83%         3
 Swiftness                Air            0%         N/A       83%         3
 Summon Forest            Summ/Tloc      0%         N/A       100%        5
 Eringya's Noxious Bog    Alch           0%         4d6       100%        6
 Summon Hydra             Summ           0%         N/A       100%        7


Dungeon Overview and Level Annotations

Branches:
Dungeon (7/15)             Temple (0/1) D:4

Altars:
Ashenzari
Elyvilon
Fedhas
Gozag
Makhleb
Nemelex Xobeh
Qazlal
Sif Muna
Yredelemnul

Shops:
D:4 ?   D:6 *


Innate Abilities, Weirdness & Mutations

You are a hulking beast.
Your limbs bulge with bestial killing power. (Slay +3)
You are too large for most types of armour.
You have claws for hands.
Your natural rate of healing is unusually fast.
You are covered in fur. (AC +1)
You have tough skin. (AC +1)


Message History

The killer bee stings you but does no damage.
The killer bee barely misses you.
You feel sick.
Your killer bee zombie completely misses the killer bee.
The killer bee attacks as it pursues you!
The killer bee barely misses you. The killer bee closely misses you.
The gnoll closely misses your killer bee zombie.
The killer bee stings you.
* * * LOW HITPOINT WARNING * * *
Your killer bee zombie barely misses the killer bee.
The killer bee stings you but does no damage.
You feel sick.
Your killer bee zombie misses the killer bee.
The gnoll closely misses your killer bee zombie.
The killer bee stings you.
* * * LOW HITPOINT WARNING * * *
The killer bee stings you but does no damage.
Your killer bee zombie closely misses the killer bee.
You feel sick.
The killer bee stings you but does no damage.
The killer bee misses you.
Your killer bee zombie closely misses the killer bee.
You feel sick.
The killer bee attacks as it pursues you!
The killer bee stings you.
* * * LOW HITPOINT WARNING * * *
You are more poisoned.
The killer bee poisons you!
The killer bee attacks as it pursues you!
The killer bee stings you but does no damage.
The gnoll attacks as it pursues you! The gnoll hits you but does no damage.
The killer bee stings you.
* * * LOW HITPOINT WARNING * * *
The killer bee stings you.
* * * LOW HITPOINT WARNING * * *
You are more poisoned.
The killer bee poisons you!
The gnoll closely misses your killer bee zombie.
You die...
Your body rises from the dead as a mindless zombie.

.)(.. #............
.....##............
#.....[...........
#..>.)............
#.......g.g..#####
#.#####.Z.#..#..
#....yyg......
#.####.g#.....
#<.h..#..###.
##.......#
+.......+ #.......#
......### ########


You could see a killer bee (ally target), 4 gnolls and a friendly killer bee
zombie.

Vanquished Creatures
  A sky beast (D:6)
  3 ice beasts (D:6)
  An ogre (D:7)
  A phantom (D:6)
  A scorpion (D:7)
  A killer bee (D:7)
  3 howler monkeys
  An electric eel (D:6)
  2 bombardier beetles
  2 hounds (D:5)
  Crazy Yiuf (D:5)
  3 sleepcaps
  5 iguanas
  Ijyb (D:3)
  Natasha (twice) (D:3)
  An orc wizard (D:6)
  Robin (D:3)
  4 gnolls (D:5)
  2 adders
  A dart slug (D:2)
  4 ribbon worms
  6 orcs
  6 endoplasms
  7 giant cockroaches
  16 hobgoblins
  6 jackals
  6 quokkas
  8 ball pythons
  6 bats
  3 frilled lizards
  8 goblins
  9 kobolds
  2 rats
124 creatures vanquished.

Vanquished Creatures (collateral kills)
  A water moccasin (D:6)
  A sleepcap (D:6)
  An iguana (D:5)
  2 goblins (D:3)
5 creatures vanquished.

Vanquished Creatures (others)
  A bat zombie (D:3)
  A gnoll zombie (D:5)
2 creatures vanquished.

Grand Total: 131 creatures vanquished

Notes
Turn   | Place    | Note
-------+----------+-------------------------------------------
     0 | D:1      | Alphaeus the Troll Shapeshifter began the quest for the
                  | Orb.
     0 | D:1      | Reached XP level 1. HP: 18/18 MP: 0/0
    61 | D:1      | Reached skill level 1 in Fighting
    81 | D:1      | Reached XP level 2. HP: 27/27 MP: 1/1
   656 | D:2      | Reached XP level 3. HP: 33/33 MP: 2/2
   814 | D:2      | Found a basalt altar of Yredelemnul.
  1250 | D:2      | Became a worshipper of Yredelemnul the Dark
  1291 | D:3      | Reached XP level 4. HP: 41/41 MP: 3/3
  1380 | D:3      | Noticed Ijyb
  1397 | D:3      | Killed Ijyb
  1398 | D:3      | Reached skill level 4 in Unarmed Combat
  1467 | D:3      | Noticed Robin
  1474 | D:3      | Reached * piety under Yredelemnul
  1478 | D:3      | Killed Robin
  1494 | D:3      | Reached ** piety under Yredelemnul
  1553 | D:3      | Noticed Natasha
  1562 | D:3      | Killed Natasha
  1563 | D:3      | Reached XP level 5. HP: 37/49 MP: 4/4
  1597 | D:3      | Noticed Natasha
  1602 | D:3      | Killed Natasha
  1795 | D:3      | Found an opulent altar of Gozag.
  1795 | D:3      | Found a sparkling altar of Nemelex Xobeh.
  1807 | D:3      | Reached *** piety under Yredelemnul
  2312 | D:4      | Found Meih's Magic Scroll Shoppe.
  2326 | D:4      | Bought a scroll of blinking for 105 gold pieces
  2326 | D:4      | Bought a scroll of identify for 28 gold pieces
  2445 | D:4      | Found a broken altar of Ashenzari.
  2563 | D:4      | Reached XP level 6. HP: 50/57 MP: 5/5
  2653 | D:4      | Found a staircase to the Ecumenical Temple.
  2889 | D:5      | Entered Level 5 of the Dungeon
  2919 | D:5      | Reached skill level 5 in Unarmed Combat
  3183 | D:5      | Reached skill level 5 in Shapeshifting
  3498 | D:5      | Found a stormy altar of Qazlal.
  3542 | D:5      | Reached XP level 7. HP: 15/66 MP: 6/6
  3692 | D:5      | Found a runed translucent door.
  3693 | D:5      | Noticed Crazy Yiuf
  3900 | D:5      | Killed Crazy Yiuf
  3904 | D:5      | Identified the +4 hammer of Blood-Lust {elec, Str+2}
  4053 | D:6      | Reached skill level 6 in Unarmed Combat
  4058 | D:6      | Found a burning altar of Makhleb.
  4167 | D:6      | Found Jotzusu's Assorted Antiques.
  4326 | D:6      | Reached XP level 8. HP: 75/75 MP: 7/7
  4509 | D:6      | Reached skill level 7 in Unarmed Combat
  4634 | D:6      | Found a shimmering blue altar of Sif Muna.
  4636 | D:6      | Found a blossoming altar of Fedhas.
  4756 | D:6      | Found a white marble altar of Elyvilon.
  4889 | D:7      | HP: 3/78 [killer bee (3)]
  4890 | D:7      | Succumbed to a killer bee's poison

Illustrated notes

Levels and vault maps discovered:
D:1:      matt_arrival_debris, layout_basic
D:2:      layout_basic, basic_altar
D:3:      layout_loops_ring, grunt_temple_overflow_opulence, roderic_lattice_a,
          minmay_circle_x, uniq_ijyb, uniq_natasha, uniq_robin
D:4:      layout_cave_pools, nicolae_ashenzari_panopticon,
          minmay_temple_entry_stoned_glass, serial_shops, shop
D:5:      layout_loops_corners, nicolae_overflow_crystal_walls,
          nicolae_eternal_life, uniq_crazy_yiuf_cottage
D:6:      layout_gridville, nicolae_elyvilon_temple_path,
          mainiacjoe_overflow_small_starburst, nicolae_overflow_hidden_temple,
          serial_shops, shop_coins, nrook_pool_corridor
D:7:      kennysheep_spiral_hall, layout_basic

Skill      XL: |  1  2  3  4  5  6  7  8 |
---------------+-------------------------+-----
Fighting       | 1 2 3 4 |  4.0
Unarmed Combat | 4 5 6 7 |  7.5
Shapeshifting  | 4 5 6 |  6.9
Dodging        | |  1.5

Action                     |  1- 3 |  4- 6 |  7- 9 || total
---------------------------+-------+-------+-------++-------
  Melee: Unarmed           |   106 |   157 |    72 ||   335
         Punch             |     2 |     2 |     9 ||    13
   Stab: Distracted        |       |     1 |       ||     1
 Armour: Animal skin       |    83 |    98 |    67 ||   248
  Dodge: Dodged            |    47 |    49 |    29 ||   125
